 Seeded DCSS version 0.30-a0-857-gcaf70739d4 (webtiles) character file.

Game seed: 17327060749580380912 (custom seed)

154947 demibob the Lord of Darkness (level 17, -4/139 (146) HPs)
             Began as a Demonspawn Wanderer on Mar 5, 2023.
             Was the Champion of Kikubaaqudgha.
             Slain by a salamander
             ... wielding a +0 halberd
              (14 damage)
             ... on level 1 of the Snake Pit.
             The game lasted 01:15:51 (25970 turns).

demibob the Lord of Darkness (Demonspawn Wanderer) Turns: 25970, Time: 01:15:51

HP:   -4/139 (146)  AC: 21    Str: 13    XL:     17   Next: 7%
MP:   30/32         EV: 15    Int: 21    God:    Kikubaaqudgha [******]
Gold: 1577          SH:  0    Dex: 13    Spells: 2/39 levels left

rFire   . . .      SeeInvis .    a - +7 lajatang (pain)
rCold   . . .      Faith    .    (shield currently unavailable)
rNeg    . . .      Spirit   .    G - +0 acid dragon scales
rPois   +          Reflect  .    o - +1 helmet
rElec   .          Rampage  .    e - +1 cloak {rCorr}
rCorr   +                        r - +1 pair of gloves {infuse}
Will    ++...                    (boots unavailable)
Stlth   +                        q - amulet of the Tempest {Will+ Regen+ Slay+3}
HPRegen 1.23/turn                Z - ring of wizardry
MPRegen 0.23/turn                P - ring of poison resistance

@: mighty, death channelling, sanguine armoured, animating dead, lightly drained
A: hooves 3, demonic guardian 3, powered by pain 1, sanguine armour 1
a: Renounce Religion, Unearth Wretches, Torment


You were on level 1 of the Snake Pit.
You worshipped Kikubaaqudgha.
Kikubaaqudgha was exalted by your worship.
You visited 5 branches of the dungeon, and saw 24 of its levels.
You also visited: Ossuary, Bailey and Gauntlet.

You collected 3167 gold pieces.
You spent 1590 gold pieces at shops.


Innate Abilities, Weirdness & Mutations

You have hooves in place of feet.
A powerful demonic guardian rushes to your aid.
You sometimes gain a little power by taking damage.
When seriously injured, your blood forms armour. (AC +6)


   Skills:
 - Level 16.8 Fighting
 - Level 14.0 Staves
 - Level 7.6 Armour
 + Level 8.8 Dodging
 - Level 11.6 Spellcasting
 + Level 3.8 Summonings
 + Level 18.1 Necromancy
 - Level 4.4 Transmutations
 - Level 7.0 Poison Magic


You had 2 spell levels left.
You knew the following spells:

 Your Spells              Type           Power      Damage    Failure   Level
a - Animate Dead          Necr           73%        N/A       1%          4
b - Borgnjor's Vile Clut  Necr/Erth      25%        N/A       1%          5
d - Death Channel         Necr           36%        N/A       1%          6
h - Haunt                 Necr/Summ      27%        N/A       26%         7
n - Dispel Undead         Necr           73%        3d24      1%          4
o - Olgreb's Toxic Radia  Pois           41%        N/A       1%          4
w - Wereblood             Tmut           30%        N/A       1%          2
X - Necrotise             Necr           100%       1d9       0%          1
Y - Anguish               Hex/Necr       25%        N/A       1%          4

Your spell library contained the following spells:

 Spells                   Type           Power      Damage    Failure   Level
 Sublimation of Blood     Necr           73%        N/A       0%          2
 Beastly Appendage        Tmut           60%        N/A       1%          1
 Call Imp                 Summ           28%        N/A       1%          2
 Cigotuvi's Dreadful Rot  Necr/Pois/Air  94%        N/A       1%          2
 Freeze                   Ice            48%        1d6       3%          1
 Magic Dart               Conj           48%        1d5       3%          1
 Slow                     Hex            48%        N/A       3%          1
 Ensorcelled Hibernation  Hex/Ice        24%        N/A       4%          2
 Vampiric Draining        Necr           73%        2d11      0%          3
 Call Canine Familiar     Summ           28%        N/A       1%          3
 Ignite Poison            Fire/Tmut/Pois 28%        N/A       1%          3
 Spider Form              Tmut/Pois      36%        N/A       1%          3
 Agony                    Necr           73%        N/A       1%          5
 Mephitic Cloud           Conj/Pois/Air  22%        N/A       3%          3
 Summon Guardian Golem    Hex/Summ       20%        N/A       4%          3
 Confusing Touch          Hex            12%        N/A       9%          3
 Frozen Ramparts          Ice            24%        1d4       9%          3
 Hailstorm                Conj/Ice       12%        3d5       9%          3
 Borgnjor's Revivificati  Necr           36%        N/A       12%         8
 Infestation              Necr           36%        N/A       12%         8
 Summon Ice Beast         Ice/Summ       20%        N/A       13%         4
 Sticky Flame             Conj/Fire      12%        2d4       28%         4
 Yara's Violent Unravell  Hex/Tmut       10%        3d6       32%         5
 Summon Forest            Summ/Tloc      10%        N/A       34%         5
 Eringya's Noxious Bog    Tmut/Pois      18%        N/A       38%         6
 Death's Door             Necr           36%        N/A       83%         9
 Necromutation            Tmut/Necr      28%        N/A       86%         8
 Summon Hydra             Summ           14%        N/A       99%         7
 Enfeeble                 Hex            6%         N/A       100%        7
 Ozocubu's Refrigeration  Ice            6%         4d8       100%        7
 Ignition                 Fire           6%         3d4       100%        8

Inventory:

Hand Weapons
 a - a +7 lajatang of pain (weapon)
Armour
 e - a +1 cloak of preservation (worn)
 o - a +1 helmet (worn)
 r - a +1 pair of gloves of infusion (worn)
 G - +0 acid dragon scales (worn)
Magical Staves
 X - a staff of death {!a}
Jewellery
 c - a ring of protection from cold
 q - the amulet of the Tempest (around neck) {Will+ Regen+ Slay+3}
   (You acquired it on level 5 of the Dungeon)

   [amulet of regeneration]

   Slay:      It affects your accuracy & damage with ranged weapons and melee
   (+3).
   Regen:     It increases your rate of health regeneration.
   Will:      It increases your willpower.
 v - a ring of see invisible
 C - a ring of ice
 F - a ring of fire
 L - a ring of flight
 P - a ring of poison resistance (right hand)
 R - an amulet of reflection
 S - a +6 ring of strength
 W - a ring of willpower
 Y - a +4 ring of slaying
 Z - a ring of wizardry (left hand)
Wands
 d - a wand of flame (45)
 g - a wand of light (3)
 h - a wand of iceblast (2)
 i - a wand of polymorph (5)
 k - a wand of paralysis (8)
 V - a wand of digging (3)
Scrolls
 m - 2 scrolls of silence {!r}
 p - 4 scrolls of enchant armour
 s - 6 scrolls of fog
 t - a scroll of magic mapping
 w - 6 scrolls of amnesia
 x - a scroll of torment
 J - 3 scrolls of brand weapon
 K - 13 scrolls of identify {@r1}
 N - 3 scrolls of poison
 U - 10 scrolls of teleportation {@r2}
Potions
 f - 2 potions of ambrosia
 j - 3 potions of magic
 l - 6 potions of curing {@q1}
 n - 2 potions of haste {@q3}
 u - 5 potions of brilliance
 A - 4 potions of mutation
 D - 2 potions of resistance
 O - a potion of might
 Q - 4 potions of flight
Miscellaneous
 z - a lightning rod (4/4)
 H - a phantom mirror

Dungeon Overview and Level Annotations

Branches:
Dungeon (15/15)            Temple (1/1) D:5            Lair (5/5) D:11
  Swamp (0/4) Lair:3        Snake (1/4) Lair:3        Slime (0/5) Lair:4
    Orc (2/2) D:12            Elf (0/3) Orc:2        Vaults (0/5) D:14
 Depths (0/4) D:15        Ossuary (visited)          Bailey (visited)
Gauntlet (visited)

Altars:
Ashenzari
Cheibriados
Dithmenos
Fedhas
Gozag
Hepliaklqana
Kikubaaqudgha
Makhleb
Nemelex Xobeh
Okawaru
Qazlal
Ru
Sif Muna
Trog
Uskayaw
Vehumet
Wu Jian
Xom
Yredelemnul
Jiyva

Shops:
D:1 ?   D:3 [   D:4 :   D:8 *   D:9 [   D:11 !!!   Orc:2 =*(:   Snake:1 *:[=

Annotations:
D:9 exclusion: statue
D:15 4 transporters
Snake:1 Asterion
Orc:1 2 transporters, Pooter's ghost, journeyman MiBe

..........[.............
........................
........................
############.....†######
#############.....##########
...........##...)..........#
...........##...∩..........#
...........##...Z..........#
............#..Z@..........#
............#.2.##########.#
..........Z.#..NN.#.≈≈≈≈≈###
......Z.........#.#.≈≈≈≈≈.
~~~...~~PP~##........≈≈≈≈§
~~~~..~~~P~#....#.#..≈≈≈§§
~~~~~~~~~~~#....#...≈§§≈≈#
~~~~~~P~P~~#....##########
†~~PP~~~~~~#.....


You could see a salamander (ally target), a friendly lorocyproca (summoned,
invisible), a friendly spectral salamander and a friendly salamander zombie.


Message History

You kill the salamander!
Kikubaaqudgha accepts your kill.
The dead are walking!
A glowing mist starts to gather...
The salamander barely misses you.
The salamander hits you with a +0 halberd.
You are engulfed in flames!
Your blood congeals into armour.
The salamander mystic hits you with a +0 quarterstaff!
You are engulfed in flames!!
* * * LOW HITPOINT WARNING * * *
A demonic guardian appears!
You focus on the pain.
You feel your power returning.
You are too injured to fight recklessly!
You are too injured to fight recklessly!
You closely miss the salamander. You kick the salamander!
The salamander is lightly wounded.
The salamander hits you with a +0 halberd!
* * * LOW HITPOINT WARNING * * *
You are engulfed in flames!
* * * LOW HITPOINT WARNING * * *
The salamander mystic hits you with a +0 quarterstaff.
* * * LOW HITPOINT WARNING * * *
You are engulfed in flames!
* * * LOW HITPOINT WARNING * * *
The salamander mystic attacks as you move away!
The salamander mystic hits you but does no damage.
The salamander hits you from afar with a +0 halberd!
* * * LOW HITPOINT WARNING * * *
You are engulfed in flames!
You die...
Kikubaaqudgha rasps: "You have failed me!
Welcome... death!"

Skill      XL: |  1  2  3  4  5  6  7  8  9 10 11 12 13 14 15 16 |
---------------+-------------------------------------------------+-----
Staves         | 4 5 6 7 8 9 11 13 14 | 14.0
Fighting       | 1 2 5 7 8 11 14 16 | 16.8
Armour         | 2 4 5 7 |  7.6
Necromancy     | 5 7 12 14 16 18 | 18.1
Dodging        | 2 4 7 8 |  8.8
Spellcasting   | 8 11 | 11.6
Transmutations | 4 |  4.4
Poison Magic   | 3 7 |  7.0
Summonings     | 3 |  3.8

Action                     |  1- 3 |  4- 6 |  7- 9 | 10-12 | 13-15 | 16-18 || total
---------------------------+-------+-------+-------+-------+-------+-------++-------
  Melee: Quarterstaff      |   121 |   258 |    99 |       |       |       ||   478
         Lajatang          |       |       |   241 |   507 |  1235 |   388 ||  2371
         Kick              |       |       |       |    18 |   109 |    13 ||   140
   Cast: Animate Dead      |       |       |       |     4 |    13 |     7 ||    24
         Anguish           |       |       |       |       |     3 |       ||     3
         Dispel Undead     |       |       |       |       |     2 |     8 ||    10
         Olgreb's Toxic Ra |       |       |       |       |     8 |     8 ||    16
         Death Channel     |       |       |       |       |       |     7 ||     7
 Invoke: Receive Forbidden |       |       |       |       |     1 |       ||     1
  Evoke: Wand              |       |       |       |     8 |    13 |     2 ||    23
         Phantom mirror    |       |       |       |     1 |     2 |     1 ||     4
         Lightning rod     |       |       |       |       |       |     2 ||     2
    Use: Scroll            |     3 |     9 |    13 |    14 |     7 |    14 ||    60
         Potion            |       |     1 |     8 |    10 |     4 |     7 ||    30
   Stab: Sleeping          |     1 |     2 |       |       |       |       ||     3
         Invisible         |       |       |       |     1 |     4 |       ||     5
         Distracted        |       |       |       |     1 |     9 |       ||    10
         Paralysed         |       |       |       |       |     7 |       ||     7
         Petrifying        |       |       |       |       |     1 |       ||     1
 Armour: Robe              |    32 |    84 |   167 |     2 |       |       ||   285
         Chain mail        |       |       |       |   111 |       |       ||   111
         Acid dragon scale |       |       |       |   104 |   397 |   188 ||   689
  Dodge: Dodged            |    85 |   174 |   253 |   200 |   750 |   285 ||  1747

Levels and vault maps discovered:
D:1:      shiori_arrival_whats_in_store_for_you, layout_basic, serial_shops,
          nicolae_shop_statue_plus
D:2:      layout_rooms, shapermc_ecumenical_altar_notcrosses, basic_altar
D:3:      layout_loops_ring, serial_shops, nicolae_shop_waterfront,
          kennysheep_generic_room_10, uniq_robin
D:4:      layout_basic, old_standard_altar, serial_shops, shop,
          minmay_fractal_squares_diagonal_5
D:5:      layout_loops_ring, gammafunk_temple_overflow_wave,
          minmay_temple_entry_enclosed_plants, serial_bayou_lake_a
D:6:      layout_cave_pools, ashenzari_altar_1,
          lightli_ossuary_entry_decrepit_ruins,
          hangedman_abyss_or_decor_jellyfish_corner, minmay_ruffians
D:7:      layout_cave_pools, gammafunk_ghost_icy, serial_demonic,
          serial_demonic_d, serial_demonic_a, serial_demonic_a,
          serial_demonic_b, serial_demonic_b, uniq_joseph, uniq_menkaure
D:8:      layout_loops_ring, minmay_misc_feat_ornament, nicolae_blasting_shop
D:9:      layout_stronghold, vehumet_statue, serial_shops, shop, st_stairs_13
D:10:     layout_roguey [special_room_orc], mainiacjoe_overflow_brackets,
          nicolae_overflow_hidden_temple, enter_bailey_4,
          grunt_decor_one_mirror, minmay_librarian
D:11:     layout_roguey, lair_entry_dummy, gauntlet_entry_generic, serial_shops,
          nicolae_diamond_shop, shop, shop_statue, minmay_lizard_king
D:12:     layout_rooms, david_orc_5
D:13:     layout_basic, fedhas_altar_fruit_tree, uniq_kirke
D:14:     nooodl_glass_maze, layout_basic, erik_vaults_2,
          minmay_misc_feat_square
D:15:     gammafunk_enter_depths_forms, layout_loops_ring,
          hangedman_decor_growths, nicolae_transporter_circle
Temple:   minmay_freezing_vapour_temple
Lair:1:   layout_gridlike, st_stairs_11, uniq_grum, uniq_harold
Lair:2:   nzn_winding_woodlands_huge [nzn_winding_woodlands_5x15_sawtooth,
          nzn_winding_woodlands_5x15_concentric,
          nzn_winding_woodlands_5x15_lazy_stream,
          nzn_winding_woodlands_5x15_crooked, nzn_winding_woodlands_5x15_twine,
          nzn_winding_woodlands_5x15_jagged, nzn_winding_woodlands_5x15_default,
          nzn_winding_woodlands_5x15_longhouse,
          nzn_winding_woodlands_5x15_cabin, nzn_winding_woodlands_5x15_zeroes,
          nzn_winding_woodlands_center_lodge,
          nzn_winding_woodlands_center_diamonds,
          nzn_winding_woodlands_15x15_five_gardens], layout_chaotic_city,
          dreamdust_gnoll_shepherd, uniq_gastronok
Lair:3:   wad_woods_minihive, layout_cellular_growth, palyth_hydra_swamp_entry,
          guppyfry_snake_entry_island, gammafunk_ghost_necromancy
Lair:4:   layout_regular_city, nicolae_slime_entry_field_trip, nzn_random_ring,
          infiniplex_staircase_pool
Lair:5:   minmay_lair_end_enchanted_forest, layout_loops_ring,
          grunt_megastairs_1
Snake:1:  layout_grid_maze, serial_shops, shop, shop, shop, shop,
          nicolae_shop_statue_plus, grunt_ministairs_15, minmay_shop_mass,
          nicolae_snake_salamander_stairs, serial_bayou_shore_a, uniq_asterion,
          uniq_azrael, uniq_roxanne
Orc:1:    layout_caves, gammafunk_ghost_arena, david_defended_altar_orc,
          uniq_fannar, uniq_sonja, uniq_erica, uniq_snorg, uniq_nergalle
Orc:2:    st_orc_pillars, layout_caves, uniq_erolcha

Notes
Turn   | Place    | Note
-------+----------+-------------------------------------------
     0 | D:1      | demibob the Demonspawn Wanderer began the quest for the
                  | Orb.
     0 | D:1      | demibob set off with the following items: a +2
                  | quarterstaff, a +0 pair of gloves, a scroll of
                  | teleportation {@r2}, a +0 robe; and the following spell
                  | memorised: Necrotise; and the following spells available to
                  | memorise: Vampiric Draining.
     0 | D:1      | Reached XP level 1. HP: 13/13 MP: 2/2
     0 | D:1      | Noticed a spriggan
     0 | D:1      | Noticed a vine stalker
     4 | D:1      | Noticed a felid
     4 | D:1      | Noticed a felid
     6 | D:1      | Noticed an octopode
     7 | D:1      | Noticed a gargoyle
     8 | D:1      | Noticed a formicid
     9 | D:1      | Noticed a formicid
    12 | D:1      | Noticed a ghoul
    12 | D:1      | Noticed a minotaur
    14 | D:1      | Noticed an octopode
    16 | D:1      | Noticed an ogre
    16 | D:1      | Noticed a human
    16 | D:1      | Noticed an octopode
    18 | D:1      | Noticed a spriggan
    20 | D:1      | Noticed a felid
    22 | D:1      | Noticed a felid
    48 | D:1      | Found Koxuij's Magic Scroll Emporium.
    72 | D:1      | Reached skill level 4 in Staves
   106 | D:1      | Gained mutation: A weak demonic guardian rushes to your
                  | aid. [demonic ancestry]
   106 | D:1      | Reached XP level 2. HP: 14/19 MP: 3/3
   442 | D:1      | Gained mutation: A demonic guardian rushes to your aid.
                  | [demonic ancestry]
   442 | D:1      | Reached XP level 3. HP: 24/24 MP: 4/4
  1007 | D:2      | Found a sparkling altar of Nemelex Xobeh.
  1111 | D:2      | Reached skill level 5 in Staves
  1177 | D:2      | Reached XP level 4. HP: 29/30 MP: 5/5
  1197 | D:2      | Found a faded altar of an unknown god.
  1678 | D:3      | Noticed Robin
  1695 | D:3      | Killed Robin
  1802 | D:3      | Found Pyblah's Armour Shop.
  1870 | D:3      | Reached XP level 5. HP: 30/35 MP: 6/6
  1926 | D:3      | Reached skill level 6 in Staves
  2393 | D:4      | Found Nykutwo's Book Shoppe.
  2435 | D:4      | Found a basalt altar of Yredelemnul.
  2532 | D:4      | Gained mutation: When seriously injured, your blood forms
                  | armour. (AC +6) [demonic ancestry]
  2532 | D:4      | Reached XP level 6. HP: 38/41 MP: 7/7
  2678 | D:4      | Reached skill level 7 in Staves
  2967 | D:4      | Identified the +0 plate armour of the Jackalope {rF+ Dex+3}
  3446 | D:5      | Entered Level 5 of the Dungeon
  3475 | D:5      | Got the Tractate on Vicissitude and the Retinue
  3512 | D:5      | Reached skill level 1 in Fighting
  3512 | D:5      | Gained mutation: You sometimes gain a little power by
                  | taking damage. [demonic ancestry]
  3512 | D:5      | Reached XP level 7. HP: 34/48 MP: 8/8
  3522 | D:5      | Reached skill level 1 in Armour
  3892 | D:5      | Found a blossoming altar of Fedhas.
  3892 | D:5      | Found a snail-covered altar of Cheibriados.
  3941 | D:5      | Reached skill level 2 in Fighting
  3941 | D:5      | Reached skill level 8 in Staves
  4120 | D:5      | Reached skill level 2 in Armour
  4623 | D:5      | Reached XP level 8. HP: 56/57 MP: 9/9
  4632 | D:5      | Found a staircase to the Ecumenical Temple.
  4783 | Temple   | Entered the Ecumenical Temple
  4788 | Temple   | Became a worshipper of Kikubaaqudgha
  4930 | D:5      | Identified 2 scrolls of acquirement
  4930 | D:5      | Acquired a +0 lajatang of pain
  4933 | D:5      | Acquired the amulet of the Tempest {Will+ Regen+ Slay+3}
  4985 | D:6      | Found a sand-covered staircase.
  4992 | Ossuary  | Entered an ossuary
  5187 | Ossuary  | Reached skill level 4 in Necromancy
  5252 | D:6      | Reached skill level 9 in Staves
  5304 | D:6      | Found a broken altar of Ashenzari.
  5357 | D:6      | Reached * piety under Kikubaaqudgha
  5357 | D:6      | Received a gift from Kikubaaqudgha
  5365 | D:6      | Reached skill level 5 in Necromancy
  5383 | D:6      | Found the +6 shillelagh "Devastator" {shatter}
  5521 | D:6      | Reached XP level 9. HP: 47/62 MP: 10/10
  5522 | D:6      | Reached skill level 10 in Staves
  5749 | D:6      | Reached skill level 6 in Necromancy
  5823 | D:6      | Identified the +4 short sword of Stickiness {freeze, Fly
                  | rC+ Dex+3}
  5996 | D:6      | Reached skill level 11 in Staves
  6061 | D:7      | Noticed Menkaure
  6072 | D:6      | Killed Menkaure
  6073 | D:6      | Reached skill level 7 in Necromancy
  6123 | D:7      | Found a runed translucent gate.
  6124 | D:7      | Found a runed translucent gate.
  6125 | D:7      | Found a runed translucent gate.
  6185 | D:7      | Reached ** piety under Kikubaaqudgha
  6231 | D:7      | Noticed Joseph
  6245 | D:7      | Killed Joseph
  6246 | D:7      | Reached XP level 10. HP: 16/69 MP: 11/11
  6346 | D:7      | Reached skill level 3 in Fighting
  6381 | D:7      | Noticed GilGalad's ghost (novice DECj)
  6808 | D:7      | Reached skill level 12 in Staves
  6808 | D:7      | Reached skill level 3 in Armour
  6813 | D:7      | Killed GilGalad's ghost
  6843 | D:7      | Got the ring of Moastram {Fire *Slow Int+4}
  7032 | D:8      | Found Jause's Demolitions Depot.
  7161 | D:8      | Reached skill level 4 in Fighting
  7278 | D:8      | Reached skill level 4 in Armour
  7347 | D:8      | Reached *** piety under Kikubaaqudgha
  7347 | D:8      | Received a gift from Kikubaaqudgha
  7929 | D:9      | Reached skill level 5 in Fighting
  7948 | D:9      | Reached skill level 13 in Staves
  8036 | D:9      | Reached XP level 11. HP: 66/80 MP: 12/12
  8147 | D:9      | Reached skill level 5 in Armour
  8261 | D:9      | Found a radiant altar of Vehumet.
  8271 | D:9      | Reached **** piety under Kikubaaqudgha
  8290 | D:9      | Learned a level 4 spell: Animate Dead
  8693 | D:9      | Found Lived's Armour Shop.
  8835 | D:10     | Entered Level 10 of the Dungeon
  8996 | D:10     | Found a flagged portal.
  9007 | Bailey   | Entered a bailey
  9182 | Bailey   | Noticed an orc warlord
  9195 | Bailey   | Reached skill level 6 in Fighting
  9202 | Bailey   | Reached skill level 8 in Necromancy
  9324 | Bailey   | Killed an orc warlord
  9374 | Bailey   | Identified the +5 scimitar of Lyiddad {speed, rCorr}
  9376 | Bailey   | Reached ***** piety under Kikubaaqudgha
  9458 | D:10     | Acquired 917 gold pieces
  9522 | D:10     | Noticed a two-headed ogre
  9534 | D:10     | Killed a two-headed ogre
  9544 | D:10     | Found a shimmering blue altar of Sif Muna.
  9584 | D:10     | Found a bloodstained altar of Trog.
  9586 | D:10     | Found a burning altar of Makhleb.
  9622 | D:10     | Identified the +4 rapier of Cialugosi {heavy, rC+}
  9688 | D:10     | Noticed a two-headed ogre
  9694 | D:10     | Killed a two-headed ogre
  9695 | D:10     | Reached skill level 14 in Staves
  9695 | D:10     | Reached skill level 2 in Dodging
  9696 | D:10     | Reached skill level 7 in Fighting
  9822 | D:10     | Noticed an ogre mage
  9831 | D:10     | Killed an ogre mage
  9832 | D:10     | Reached skill level 9 in Necromancy
  9913 | D:10     | Identified a potion of experience
  9914 | D:10     | Identified 2 potions of resistance
  9917 | D:10     | Reached skill level 12 in Necromancy
  9917 | D:10     | Gained mutation: You have large cloven feet. [demonic
                  | ancestry]
  9917 | D:10     | Reached XP level 12. HP: 91/91 MP: 13/13
  9931 | D:10     | Reached skill level 3 in Dodging
 10306 | D:11     | Found a gate leading to a gauntlet.
 10314 | Gauntlet | Entered a Gauntlet
 10314 | Gauntlet | Found a transporter.
 10314 | Gauntlet | Found a transporter.
 10314 | Gauntlet | Found a transporter.
 10318 | Gauntlet | Found a transporter.
 10327 | Gauntlet | Noticed an entropy weaver
 10328 | Gauntlet | Found a transporter.
 10339 | Gauntlet | an entropy weaver changed into a harpy
 10395 | Gauntlet | Found a transporter.
 10405 | Gauntlet | Found a transporter.
 10420 | Gauntlet | Found a transporter.
 10430 | Gauntlet | Found a transporter.
 10445 | Gauntlet | Found a transporter.
 10451 | Gauntlet | Found a transporter.
 10464 | Gauntlet | Noticed a spark wasp
 10464 | Gauntlet | a spark wasp changed into an ettin
 10464 | Gauntlet | Noticed an ettin (glowing shapeshifter)
 10468 | Gauntlet | an ettin changed into a broodmother
 10468 | Gauntlet | Noticed a broodmother (glowing shapeshifter)
 10470 | Gauntlet | a broodmother changed into a tyrant leech
 10472 | Gauntlet | Found a transporter.
 10537 | Gauntlet | Noticed an entropy weaver
 10576 | Gauntlet | an entropy weaver changed into a blink frog
 10577 | Gauntlet | a komodo dragon changed into an entropy weaver
 10577 | Gauntlet | Noticed an entropy weaver (glowing shapeshifter)
 10581 | Gauntlet | an entropy weaver changed into a raiju
 10719 | Gauntlet | Noticed a minotaur
 10725 | Gauntlet | Killed a minotaur
 10726 | Gauntlet | Reached skill level 4 in Dodging
 10726 | Gauntlet | Reached XP level 13. HP: 67/98 MP: 14/14
 10731 | Gauntlet | Identified the +1 chain mail of the Toothy God {Str+3
                  | Int+3}
 10825 | D:11     | Found Guitylenut's Distillery.
 10834 | D:11     | Bought a potion of might for 48 gold pieces
 10834 | D:11     | Bought a potion of flight for 36 gold pieces
 10834 | D:11     | Bought a potion of curing for 36 gold pieces
 10834 | D:11     | Bought a potion of flight for 36 gold pieces
 10858 | D:11     | Learned a level 4 spell: Dispel Undead
 10863 | D:11     | Learned a level 4 spell: Anguish
 10902 | D:11     | Reached skill level 13 in Necromancy
 10997 | D:11     | Found Keupoj's Distillery.
 11006 | D:11     | Bought a potion of might for 56 gold pieces
 11022 | D:11     | Found a staircase to the Lair.
 11151 | D:11     | Reached skill level 6 in Armour
 11168 | D:11     | Reached skill level 5 in Dodging
 11253 | D:11     | Found Duzxil's Distillery.
 11467 | Lair:1   | Entered Level 1 of the Lair of Beasts
 11892 | Lair:1   | Noticed Grum
 11908 | Lair:1   | Killed Grum
 12043 | Lair:1   | Noticed Harold
 12056 | Lair:1   | Killed Harold
 12394 | Lair:2   | Reached skill level 6 in Dodging
 12475 | Lair:2   | Reached skill level 7 in Armour
 12584 | Lair:2   | Identified the +0 robe "Zenicy" {rPois rC+ MP-9}
 12932 | Lair:2   | Reached ****** piety under Kikubaaqudgha
 12991 | Lair:2   | Reached skill level 14 in Necromancy
 13214 | Lair:2   | Noticed Gastronok
 13219 | Lair:2   | Reached skill level 8 in Fighting
 13236 | Lair:2   | Reached skill level 7 in Dodging
 13258 | Lair:2   | Killed Gastronok
 13317 | Lair:2   | Reached XP level 14. HP: 20/106 MP: 15/15
 14120 | Lair:3   | Found a staircase to the Snake Pit.
 14159 | Lair:3   | Got Fiammyce's Grimoire of United Profane Rites
 14234 | Lair:3   | Found a runed translucent gate.
 14238 | Lair:3   | Found a runed translucent gate.
 14239 | Lair:3   | Found a runed translucent gate.
 14241 | Lair:3   | Noticed Pugak's ghost (journeyman DECj)
 14281 | Lair:3   | Reached skill level 2 in Spellcasting
 14293 | Lair:3   | Reached skill level 9 in Fighting
 14420 | Lair:3   | Reached skill level 8 in Dodging
 14420 | Lair:3   | Reached skill level 3 in Spellcasting
 14467 | Lair:3   | Reached skill level 15 in Necromancy
 14492 | Lair:3   | Reached skill level 4 in Spellcasting
 14925 | Lair:3   | Reached skill level 5 in Spellcasting
 14947 | Lair:3   | Found a staircase to the Swamp.
 15387 | Lair:3   | Killed Pugak's ghost
 15422 | Lair:3   | Reached skill level 6 in Spellcasting
 15510 | Lair:3   | Upgraded the game from 0.30-a0-852-g08b95dd62f to
                  | 0.30-a0-857-gcaf70739d4
 15657 | Lair:4   | Found a staircase to the Slime Pits.
 15657 | Lair:4   | Found a viscous altar of Jiyva.
 16536 | Lair:4   | Reached skill level 10 in Fighting
 16536 | Lair:4   | Reached skill level 7 in Spellcasting
 16601 | Lair:5   | Entered Level 5 of the Lair of Beasts
 16888 | Lair:5   | Reached skill level 16 in Necromancy
 16932 | Lair:5   | Reached skill level 8 in Spellcasting
 16971 | Lair:5   | Reached skill level 11 in Fighting
 16972 | Lair:5   | Gained mutation: A powerful demonic guardian rushes to your
                  | aid. [demonic ancestry]
 16972 | Lair:5   | Reached XP level 15. HP: 110/118 MP: 27/27
 17363 | Lair:5   | Reached skill level 9 in Spellcasting
 17637 | Lair:5   | Reached skill level 12 in Fighting
 18028 | D:12     | Found a staircase to the Orcish Mines.
 18034 | D:12     | Reached skill level 10 in Spellcasting
 18484 | D:12     | Learned a level 2 spell: Wereblood
 18491 | Orc:1    | Entered Level 1 of the Orcish Mines
 18491 | Orc:1    | Found a transporter.
 18568 | Orc:1    | Noticed Sonja
 18579 | Orc:1    | Killed Sonja
 18642 | Orc:1    | Reached skill level 1 in Transmutations
 18669 | Orc:1    | Noticed Erica
 18675 | Orc:1    | Killed Erica
 18695 | Orc:1    | Noticed Pooter's ghost (journeyman MiBe)
 18698 | Orc:1    | Found a transporter.
 18700 | Orc:1    | Identified the ring "Kyalum" {rF+ Will++ Str+4 Int-5}
 18743 | Orc:1    | Noticed Fannar
 18763 | Orc:1    | Killed Fannar
 18770 | Orc:1    | Reached skill level 13 in Fighting
 19036 | Orc:1    | Noticed Nergalle
 19046 | Orc:1    | Killed Nergalle
 19047 | Orc:1    | Reached skill level 2 in Transmutations
 19136 | Orc:1    | Noticed Snorg
 19149 | Orc:1    | Killed Snorg
 19342 | Orc:1    | Learned a level 5 spell: Borgnjor's Vile Clutch
 19347 | Orc:1    | Learned a level 4 spell: Olgreb's Toxic Radiance
 19372 | Orc:2    | Entered Level 2 of the Orcish Mines
 19427 | Orc:2    | Noticed Erolcha
 19445 | Orc:2    | Killed Erolcha
 19612 | Orc:2    | Reached skill level 1 in Poison Magic
 19620 | Orc:2    | Reached skill level 11 in Spellcasting
 19771 | Orc:2    | Found a staircase to the Elven Halls.
 19977 | Orc:2    | Reached skill level 3 in Transmutations
 19983 | Orc:2    | Reached skill level 2 in Poison Magic
 20111 | Orc:2    | Reached skill level 3 in Poison Magic
 20162 | Orc:2    | Found Vulig's Jewellery Emporium.
 20165 | Orc:2    | Found Jywirus's Weapon Shoppe.
 20166 | Orc:2    | Found Ilintabost's Book Emporium.
 20167 | Orc:2    | Found Baomud's Assorted Antiques.
 20173 | Orc:2    | Bought a scroll of enchant weapon for 217 gold pieces
 20454 | Orc:2    | Received a gift from Kikubaaqudgha
 20455 | Orc:2    | Bought a book of Decay for 390 gold pieces
 20460 | Orc:2    | Bought a scorched quarterstaff for 261 gold pieces
 20460 | Orc:2    | Identified the +2 quarterstaff of Conformity {speed, rPois
                  | rC+ Str+4 Dex-4} (You bought it in a shop on level 2 of the
                  | Orcish Mines)
 20683 | D:13     | Reached skill level 14 in Fighting
 20769 | D:13     | Reached skill level 4 in Transmutations
 20829 | D:13     | Gained mutation: You have hoof-like feet. [demonic
                  | ancestry]
 20829 | D:13     | Reached XP level 16. HP: 83/133 MP: 31/31
 21053 | D:13     | Found a blossoming altar of Fedhas.
 21253 | D:13     | Noticed Kirke
 21261 | D:13     | Killed Kirke
 21262 | D:13     | Reached skill level 4 in Poison Magic
 21487 | D:14     | Learned a level 6 spell: Death Channel
 21835 | D:14     | Reached skill level 17 in Necromancy
 21926 | D:14     | Reached skill level 5 in Poison Magic
 22115 | D:14     | Reached skill level 15 in Fighting
 22156 | D:14     | Found a gate to the Vaults.
 22163 | D:14     | You fall into a shaft and drop 1 floor!
 22163 | D:15     | Entered Level 15 of the Dungeon
 22449 | D:15     | Identified the +1 pair of boots of Watchfulness {rC- Str+8}
 22512 | D:15     | Paralysed by a hornet for 3 turns
 22675 | D:15     | Reached skill level 6 in Poison Magic
 22675 | D:15     | Identified a +1 robe of the Archmagi
 22954 | D:15     | Reached skill level 16 in Fighting
 23146 | D:14     | Reached skill level 7 in Poison Magic
 23163 | D:14     | Learned a level 7 spell: Haunt
 23848 | D:15     | Found a transporter.
 23885 | D:15     | Reached skill level 1 in Summonings
 23957 | D:15     | Found a staircase to the Depths.
 24079 | D:15     | Reached skill level 2 in Summonings
 24186 | D:15     | Found a transporter.
 24189 | D:15     | Found a transporter.
 24258 | D:15     | Found a transporter.
 24830 | Snake:1  | Entered Level 1 of the Snake Pit
 24905 | Snake:1  | Reached skill level 18 in Necromancy
 24940 | Snake:1  | Reached skill level 3 in Summonings
 25081 | Snake:1  | Gained mutation: You have hooves in place of feet. [demonic
                  | ancestry]
 25081 | Snake:1  | Reached XP level 17. HP: 127/129 MP: 32/32
 25141 | Snake:1  | Found Keal Zyu's Mass Market.
 25218 | Snake:1  | Found Sainerr's Antique Armour Shop.
 25256 | Snake:1  | Bought a pair of glowing gloves for 225 gold pieces
 25256 | Snake:1  | Bought an ichor-stained chain mail for 285 gold pieces
 25256 | Snake:1  | Identified the +5 chain mail "Xuqapp" {-Cast Harm Str+3
                  | Dex+2} (You bought it in a shop on level 1 of the Snake
                  | Pit)
 25270 | Snake:1  | Found Jupn's Book Boutique.
 25282 | Snake:1  | Noticed Azrael
 25295 | Snake:1  | Killed Azrael
 25470 | Snake:1  | Found Fenemoed's Jewellery Emporium.
 25472 | Snake:1  | Noticed Asterion
 25501 | Snake:1  | >>dead
 25970 | Snake:1  | HP: 10/139 [salamander/+0 halberd (8)]
 25970 | Snake:1  | Slain by a salamander

Vanquished Creatures
  Kirke (D:13)
  Gastronok (Lair:2)
  A fire giant (shapeshifter) (D:15)
  2 very ugly things (D:15)
  2 orc warlords
  A minotaur (Gauntlet)
  Azrael (Snake:1)
  2 ettins (Orc:1)
  Snorg (Orc:1)
  8 vault guards (D:14)
  8 hydras
  Harold (Lair:1)
  A great orb of eyes (D:15)
  Fannar (Orc:1)
  Erolcha (Orc:2)
  The ghost of Pugak the Thaumaturge, a journeyman DECj of Vehumet (Lair:3)
  A catoblepas (Lair:2)
  Erica (Orc:1)
  15 two-headed ogres
  2 ogre magi
  5 boulder beetles
  5 death yaks (Lair:3)
  3 tengu warriors
  10 centaur warriors
  3 naga warriors
  4 orc high priests (Orc:2)
  Sonja (Orc:1)
  A shock serpent (Snake:1)
  3 skysharks
  Nergalle (Orc:1)
  A spectral death yak (Lair:3)
  5 skeletal warriors
  A sea snake (Snake:1)
  A naga ritualist (Snake:1)
  A deep elf pyromancer (D:14)
  3 wizards
  A lindwurm (Lair:5)
  6 orc knights
  A harpy (shapeshifter) (D:14)
  The ghost of GilGalad the Destroyer, a novice DECj of Vehumet (D:7)
  5 cyclopes
  3 orc sorcerers
  5 ugly things
  2 salamanders (Snake:1)
  5 elephants (Lair:5)
  4 black mambas
  3 naga magi (Snake:1)
  Joseph (D:7)
  A gargoyle (D:12)
  10 cane toads
  An unseen horror (D:11)
  7 rime drakes
  12 komodo dragons
  2 tengu conjurers
  A hornet (shapeshifter) (D:15)
  4 trolls
  A tyrant leech (Lair:3)
  6 polar bears
  4 hornets
  18 blink frogs
  8 dream sheep
  2 vampires
  28 slime creatures
  7 wyverns
  45 yaks
  12 spriggans (Lair:5)
  A shadow (D:12)
  5 humans (D:6)
  Grum (Lair:1)
  2 fire elementals (Snake:1)
  4 basilisks
  4 wraiths
  A hog (D:13)
  2 steam dragons
  13 vampire mosquitoes
  6 nagas
  2 wargs (Orc:2)
  Menkaure (D:6)
  A swamp worm (Lair:3)
  A spectral cane toad (Lair:3)
  2 acid dragons
  A hydra simulacrum (Lair:3)
  16 water moccasins
  2 hell hounds (Snake:1)
  A spectral torpor snail (Lair:3)
  4 ice beasts
  47 orc warriors
  A sky beast (D:7)
  4 black bears
  11 ogres
  2 black mamba simulacra (Lair:3)
  9 centaurs
  2 boggarts (Lair:5)
  22 wolves
  2 phantoms (D:6)
  A kobold brigand (D:9)
  An elf zombie (Ossuary)
  15 bullfrogs
  4 gnoll sergeants
  3 scorpions
  6 wights
  A hornet simulacrum (D:7)
  28 killer bees
  A dream sheep simulacrum (Lair:3)
  3 electric eels
  9 howler monkeys
  4 hounds
  28 orc priests
  A quasit (D:7)
  2 human zombies (Ossuary)
  7 jellies
  6 gnoll boudas
  8 iguanas
  15 orc wizards
  3 mummies (Ossuary)
  2 hound zombies (Ossuary)
  Robin (D:3)
  41 gnolls
  6 adders
  4 shadow imps
  10 white imps
  5 ufetubi (D:7)
  2 adder zombies (Ossuary)
  A worm (D:4)
  2 dart slugs
  101 orcs
  5 bats
  9 endoplasms
  4 giant cockroaches
  31 goblins
  25 hobgoblins
  15 jackals
  14 kobolds
  6 quokkas
  6 ball pythons
  5 frilled lizards
  A goblin zombie (Ossuary)
  A hobgoblin zombie (Ossuary)
  A kobold zombie (Ossuary)
  2 orc zombies
  9 rats
  A rat zombie (Ossuary)
932 creatures vanquished.

Vanquished Creatures (collateral kills)
  A catoblepas (Lair:3)
  2 ogre magi (D:15)
  A boulder beetle (D:15)
  A tengu warrior (D:15)
  2 death yaks (Lair:3)
  3 two-headed ogres (D:15)
  A skyshark (Lair:5)
  An orc sorcerer (Orc:2)
  A manticore (D:14)
  2 salamanders (Snake:1)
  An elephant (Lair:5)
  A black mamba (Lair:5)
  2 cane toads
  A komodo dragon (Lair:2)
  A rime drake (Lair:2)
  A tengu conjurer (D:15)
  A polar bear (Lair:5)
  3 hornets (Lair:5)
  A blink frog (Lair:4)
  2 spriggans (Lair:5)
  A yak (Lair:5)
  A wyvern (D:10)
  A fire elemental (Snake:1)
  A basilisk (Lair:2)
  3 vampire mosquitoes (D:12)
  A naga (Snake:1)
  An acid dragon (D:13)
  A water moccasin (Lair:5)
  6 orc warriors
  2 black bears
  2 ogres
  4 wolves (Lair:5)
  A centaur (D:13)
  2 boggarts (Lair:5)
  A gnoll sergeant (D:13)
  A wight (D:8)
  11 killer bees
  3 electric eels (Snake:1)
  A howler monkey (D:12)
  A jelly (Lair:4)
  4 orc priests
  An orc wizard (Orc:1)
  A mummy (Ossuary)
  2 gnolls (D:13)
  3 adders
  A shadow imp (D:7)
  An ufetubus (D:7)
  2 orc zombies (Orc:2)
  15 orcs
  4 bats
  A goblin (D:3)
  A hobgoblin (D:2)
  2 jackals
  A kobold (D:9)
113 creatures vanquished.

Vanquished Creatures (others)
  An orc high priest (Orc:2)
  2 hydra zombies
  A human zombie (D:14)
  A black mamba zombie (Snake:1)
  A slime creature zombie (D:15)
  A warg (Orc:1)
  2 two-headed ogre zombies (D:15)
  2 cane toad zombies (Lair:3)
  An elf zombie (D:14)
  An elephant zombie (Lair:5)
  2 blink frog zombies (Lair:4)
  4 vampire mosquito zombies (D:12)
  A salamander zombie (Snake:1)
  A komodo dragon zombie (Lair:3)
  3 tengu zombies
  6 naga zombies (Snake:1)
  A spriggan zombie (Lair:5)
  2 yak zombies (D:12)
  3 wolf zombies (Lair:5)
  2 centaur zombies
  3 orc priests
  7 ogre zombies
  A gnoll (Orc:1)
  45 orc zombies
  2 goblin zombies (Bailey)
  2 hobgoblin zombies (Bailey)
  A bush (Lair:2)
  15 demonic plants
  41 fungi
  131 plants
286 creatures vanquished.

Grand Total: 1331 creatures vanquished

Table legend: (Time is in decaauts)
 A = Elapsed time spent in this place.
 B = Non-inter-level travel time spent in this place.
 C = Inter-level travel time spent in this place.
 D = Time resting spent in this place.
 E = Time spent auto-exploring this place.
 F = Levels seen in this place.
 G = Mean time per level.
                   A        B        C        D        E       F      G
               +--------+--------+--------+--------+--------+-----+--------+
         Total |  25390 |  23824 |   1566 |   1518 |  16916 |  27 |  940.4 |
       Dungeon |  14982 |  14002 |    980 |    755 |  10099 |  15 |  998.8 |
        Temple |     10 |      5 |      5 |      0 |      0 |   1 |   10.0 |
          Lair |   6292 |   5995 |    297 |    232 |   4584 |   5 | 1258.4 |
     Snake Pit |   1066 |   1066 |      0 |    408 |    481 |   1 | 1066.0 |
  Orcish Mines |   2006 |   1725 |    281 |     44 |   1255 |   2 | 1003.0 |
       Ossuary |    213 |    213 |      0 |      0 |    135 |   1 |  213.0 |
        Bailey |    415 |    415 |      0 |     71 |    135 |   1 |  415.0 |
      Gauntlet |    403 |    403 |      0 |      7 |    226 |   1 |  403.0 |
               +--------+--------+--------+--------+--------+-----+--------+

Top non-repeatable levels by time:
    D:15: 1816 daAuts
  Lair:2: 1721 daAuts
     D:5: 1528 daAuts
    D:14: 1447 daAuts
  Lair:3: 1444 daAuts
     D:9: 1166 daAuts
     D:4: 1163 daAuts
   Orc:2: 1128 daAuts
  Lair:5: 1124 daAuts
  Lair:4: 1073 daAuts
 Snake:1: 1066 daAuts
     D:1: 962 daAuts
  Lair:1: 929 daAuts
     D:8: 888 daAuts
     D:6: 887 daAuts

Table legend:
 A = Non-vault XP
 B = Vault XP
 C = Vault XP percentage of total XP
 D = Non-vault monster count
 E = Vault monster count
 F = Vault count percentage of total count
                 A         B        C        D         E       F
            +---------+---------+-------+---------+---------+-------
      Total |  121197 |   84886 |  41.2 |     607 |     439 |  42.0
            +---------+---------+-------+---------+---------+-------
        D:1 |      64 |       0 |   0.0 |      37 |       0 |   0.0
        D:2 |      60 |       0 |   0.0 |      29 |       0 |   0.0
        D:3 |      82 |      36 |  30.5 |      17 |      14 |  45.2
        D:4 |     367 |      70 |  16.0 |      35 |       6 |  14.6
        D:5 |     859 |       0 |   0.0 |      26 |       0 |   0.0
        D:6 |    1544 |    1183 |  43.4 |      29 |       6 |  17.1
        D:7 |    1166 |    1668 |  58.9 |      27 |      21 |  43.8
        D:8 |    1827 |       0 |   0.0 |      12 |       0 |   0.0
        D:9 |    3110 |     403 |  11.5 |      31 |       3 |   8.8
       D:10 |    3751 |    1425 |  27.5 |      12 |      30 |  71.4
       D:11 |    4481 |    1807 |  28.7 |      16 |       9 |  36.0
       D:12 |    7197 |     667 |   8.5 |      28 |      22 |  44.0
       D:13 |    9775 |    1669 |  14.6 |      36 |       2 |   5.3
       D:14 |   10236 |   10188 |  49.9 |      22 |      14 |  38.9
       D:15 |   23780 |    6388 |  21.2 |      38 |       8 |  17.4
     Lair:1 |    4865 |    1432 |  22.7 |      21 |       5 |  19.2
     Lair:2 |    4320 |   12475 |  74.3 |      20 |      36 |  64.3
     Lair:3 |   12372 |    7851 |  38.8 |      29 |      47 |  61.8
     Lair:4 |    3357 |    3409 |  50.4 |      11 |      12 |  52.2
     Lair:5 |   11861 |   10620 |  47.2 |      33 |      56 |  62.9
    Snake:1 |    7438 |    3181 |  30.0 |      20 |       8 |  28.6
      Orc:1 |    4236 |    4304 |  50.4 |      34 |       8 |  19.0
      Orc:2 |    4449 |   10265 |  69.8 |      44 |      60 |  57.7
    Ossuary |       0 |     308 | 100.0 |       0 |      16 | 100.0
     Bailey |       0 |    3358 | 100.0 |       0 |      50 | 100.0
   Gauntlet |       0 |    2179 | 100.0 |       0 |       6 | 100.0
            +---------+---------+-------+---------+---------+-------
